 Dungeon Crawl Stone Soup version 0.23-a0-650-ga4d50d4 (webtiles) character file.

4 Amnesiac the Sneak (level 1, 0/7 HPs)
             Began as a Felid Earth Elementalist on Jan 5, 2019.
             Slain by a rat (3 damage)
             ... on level 1 of the Dungeon.
             The game lasted 00:00:44 (180 turns).

Amnesiac the Sneak (Felid Earth Elementalist)        Turns: 180, Time: 00:00:45

Health: 0/7        AC:  1    Str:  4    XL:     1   Next: 50%
Magic:  4/4        EV: 18    Int: 16    God:
Gold:   27         SH:  0    Dex: 16    Spells: 3/4 levels left
                                        Lives:  0   Deaths: 0

rFire    . . .     SeeInvis +   (weapon unavailable)
rCold    . . .     Gourm    .   (shield unavailable)
rNeg     . . .     Faith    .   (armour unavailable)
rPois    .         Spirit   .   (helmet unavailable)
rElec    .         Reflect  .   (cloak unavailable)
rCorr    .         Harm     .   (gloves unavailable)
MR       .....                  (boots unavailable)
Stlth    +++.......             (no amulet)
HPRegen  0.02/turn              (no ring)
MPRegen  0.09/turn              (no ring)

@: quick
A: very small, no armour, no weapons or thrown items, stealth, claws 1, fangs 3,
see invisible, carnivore, speed 1, shaggy fur 1, slow metabolism 1, sharp paws
a: no special abilities


You were on level 1 of the Dungeon.
You were not hungry.

You visited 1 branch of the dungeon, and saw 1 of its levels.

You collected 27 gold pieces.

Inventory:

Missiles
 b - 30 stones
Scrolls
 d - a scroll of enchant armour {!r, unknown}
Potions
 a - a potion of berserk rage {!q, unknown}
Comestibles
 c - 2 rations


   Skills:
 - Level 2.6 Dodging
 - Level 2.6 Stealth
 + Level 2.3 Spellcasting
   Level 1.1 Transmutations
 - Level 2.6 Earth Magic


You had 3 spell levels left.
You knew the following spells:

 Your Spells              Type           Power        Failure   Level  Hunger
a - Sandblast             Erth           ##....       7%          1    #......

Your spell library contained the following spells:

 Spells                   Type           Power        Failure   Level  Hunger
 Passwall                 Tmut/Erth      #.......     14%         2    ###....
 Stone Arrow              Conj/Erth      #.....       34%         3    ###....
 Petrify                  Tmut/Erth      #.......     67%         4    #####..
 Lee's Rapid Deconstruct  Erth           ##........   88%         5    ######.


Dungeon Overview and Level Annotations

Branches:
Dungeon (1/15)

Altars:


Innate Abilities, Weirdness & Mutations

You cannot wear armour.
You are incapable of wielding weapons or throwing items.
Your paws allow you to move quietly. (Stealth)
You have sharp claws.
You have razor-sharp teeth.
You have supernaturally acute eyesight. (SInv)
You are carnivorous and can eat meat at any time.
You cover ground quickly.
You are covered in fur. (AC +1)
You have a slow metabolism.
Your sharp claws are effective at attacking unaware monsters.


Message History

The bat hits you but does no damage. The bat closely misses you.
The bat hits you. The bat misses you.
You barely miss the bat. The bat hits you but does no damage.
The bat closely misses you.
You miss the bat. The bat barely misses you.
No target in view!
No target in view!
You now have 15 gold pieces (gained 7).
c - 2 rations (gained 1)
You now have 27 gold pieces (gained 12).
The bat is too close now for your liking.
A bat is nearby!
The bat closely misses you.
You barely miss the bat. The bat hits you but does no damage.
The bat misses you.
You barely miss the bat. The bat closely misses you. The bat misses you.
You scratch the bat.
The bat is severely wounded.
The bat closely misses you.
You scratch the bat.
You kill the bat!
No target in view!
HP restored.
A kobold comes into view.
A kobold is nearby!
A kobold is nearby!
The helpless kobold fails to defend itself.
You scratch the kobold.
You kill the kobold!
A hobgoblin comes into view. It is wielding a -1 club.
d - a scroll labeled CASOYJ LUATEF {!r} You see here a kobold corpse.
A rat comes into view.
A rat is nearby!
Found 9 gold pieces.
You barely miss the rat. The rat closely misses you.
You closely miss the rat. The rat misses you.
You scratch the rat but do no damage. The rat closely misses you.
You barely miss the rat. The rat misses you.
You scratch the rat.
The rat is moderately wounded.
The rat misses you.
You scratch the rat.
The rat is severely wounded.
The rat completely misses you.
You scratch the rat but do no damage.
The rat is severely wounded.
The rat bites you.
You barely miss the rat.
The rat is severely wounded.
The rat bites you.
* * * LOW HITPOINT WARNING * * *
You scratch the rat but do no damage.
The rat is moderately wounded.
The rat barely misses you.
You scratch the rat but do no damage.
The rat is moderately wounded.
The rat closely misses you.
You closely miss the rat.
The rat is moderately wounded.
The rat twitches its whiskers.
The rat bites you.
You die...

#.. .. .. .. ######. ..#.
....+#≈≈≈##...... .#.#.
g.#.....#...... ....
.≈.....≈...... # #..#
≈..⌠..≈...... #. #...
#§....#......
#..##.r######≈§≈###≈≈≈##
#.$....@..#......#.....#
#.###..##.#§.....≈..⌠..≈
#..##.#......≈..<..≈
#..##.#......#(....#
#..###..##........##≈≈≈#'
#..........†.######......
#........##....#....#####
..####..####.#.#.#### #..
. .....# #.#.#.######..


You could see a rat.

Vanquished Creatures
  A bat (D:1)
  A kobold (D:1)
  2 rats (D:1)
4 creatures vanquished.

Notes
Turn   | Place    | Note
-------+----------+-------------------------------------------
     0 | D:1      | Amnesiac the Felid Earth Elementalist began the quest for
                  | the Orb.
     0 | D:1      | Reached XP level 1. HP: 7/7 MP: 4/4
   180 | D:1      | Slain by a rat

Vault maps used:
D:1:      dpeg_arrival_rooms_with_view

Action                   || total
-------------------------++-------
Melee: Unarmed           ||    29
       Bite              ||     1
 Stab: Sleeping          ||     2
  Eat: Chunk             ||     1
Armor: Skin              ||     4
Dodge: Dodged            ||    36

Table legend:
 A = Non-vault XP
 B = Vault XP
 C = Vault XP percentage of total XP
 D = Non-vault monster count
 E = Vault monster count
 F = Vault count percentage of total count
                 A         B        C        D         E       F
            +---------+---------+-------+---------+---------+-------
      Total |       2 |       4 |  66.7 |       2 |       2 |  50.0
            +---------+---------+-------+---------+---------+-------
        D:1 |       2 |       4 |  66.7 |       2 |       2 |  50.0
            +---------+---------+-------+---------+---------+-------
